 Dungeon Crawl Stone Soup version 0.31.0-32-g396128a36d (webtiles) character file.

Game seed: 10949696913288343217

5954 PaiMei the Zephyrmancer (level 10, -5/63 HPs)
             Began as a Tengu Air Elementalist on Mar 18, 2024.
             Was a Believer of Vehumet.
             Slain by Joseph
             ... wielding a +0 quarterstaff
              (9 damage)
             ... on level 7 of the Dungeon.
             The game lasted 00:13:02 (8786 turns).

PaiMei the Zephyrmancer (Tengu Air Elementalist)    Turns: 8786, Time: 00:13:02

Health: -5/63      AC:  8    Str:  9    XL:     10   Next: 84%
Magic:  18/21      EV: 19    Int: 26    God:    Vehumet [**....]
Gold:   87         SH:  0    Dex: 14    Spells: 17/23 levels left

rFire   . . .        G - +2 long sword "Stringbean" {flame, Int+4}
rCold   . . .        (no shield)
rNeg    + . .        p - +4 leather armour "Gimeh" {Regen+ Int+2 SInv}
rPois   .            (helmet restricted)
rElec   .            g - +0 cloak
rCorr   .            (no gloves)
SInv    +            (boots unavailable)
Will    .....        y - amulet of magic regeneration
Stlth   ++           i - ring of see invisible
HPRegen 1.10/turn    k - ring of positive energy
MPRegen 0.57/turn

%: acrobat
@: flying
A: beak, talons 3, evasive flight, acrobatic
a: Renounce Religion


You were on level 7 of the Dungeon.
You worshipped Vehumet.
Vehumet was pleased with you.
You visited 1 branch of the dungeon, and saw 7 of its levels.
You also visited: Sewer.

You collected 308 gold pieces.
You spent 221 gold pieces at shops.

Inventory:

Hand Weapons
 d - a +1 mace of holy wrath
 s - a +2 short sword of venom
 G - the +2 long sword "Stringbean" (weapon) {flame, Int+4}
   (You bought it in a shop on level 5 of the Dungeon)

   Int+4:     It affects your intelligence (+4).
Missiles
 f - 18 poisoned darts (quivered)
 m - 2 throwing nets
Armour
 g - a +0 cloak (worn)
 p - the +4 leather armour "Gimeh" (worn) {Regen+ Int+2 SInv}
   (You found it on level 3 of the Dungeon)

   Int+2:     It affects your intelligence (+2).
   SInv:      It lets you see invisible.
   Regen+:    It increases your rate of health regeneration.
Jewellery
 i - a ring of see invisible (left hand)
 k - a ring of positive energy (right hand)
 y - an amulet of magic regeneration (around neck)
Wands
 q - a wand of flame (12)
 w - a wand of acid (4)
 H - a wand of roots (13)
Scrolls
 c - a scroll of acquirement {unknown}
 h - 4 scrolls of poison
 j - 3 scrolls of revelation {unknown}
 r - 2 scrolls of fog {unknown}
 v - a scroll of enchant weapon {unknown}
 x - a scroll of vulnerability {unknown}
 z - 2 scrolls of brand weapon {unknown}
 A - a scroll of torment {unknown}
 B - a scroll of blinking {unknown}
 D - 2 scrolls of immolation {unknown}
 E - a scroll of amnesia {unknown}
Potions
 a - a potion of brilliance {unknown}
 b - a potion of magic
 e - 2 potions of curing
 l - 2 potions of invisibility
 n - 2 potions of ambrosia
 o - a potion of experience
 t - 2 potions of attraction {unknown}
 u - 2 potions of might
 C - 2 potions of enlightenment


   Skills:
 + Level 7.4 Fighting
 + Level 8.6 Dodging
 - Level 2.3 Stealth
 + Level 7.3 Spellcasting
 + Level 10.0 Conjurations
 + Level 10.7 Air Magic


You had 17 spell levels left.
You knew the following spells:

 Your Spells              Type           Power      Damage    Failure   Level
a - Shock                 Conj/Air       100%       1d9       1%          1
b - Static Discharge      Conj/Air       100%       3-8/arc   1%          2
c - Swiftness             Air            60%        N/A       1%          3

Your spell library contained the following spells:

 Spells                   Type           Power      Damage    Failure   Level
 Freeze                   Ice            36%        1d5       9%          1
 Kiss of Death            Conj/Necr      100%       2d13      1%          1
 Momentum Strike          Conj/Tloc      70%        3d9       1%          2
 Airstrike                Air            30%        2d(5-21)  1%          4
 Cigotuvi's Dreadful Rot  Necr/Alch/Air  56%        N/A       3%          2
 Blink                    Tloc           18%        N/A       13%         2
 Lesser Beckoning         Tloc           18%        N/A       13%         2
 Confusing Touch          Hex            9%         N/A       26%         3
 Fugue of the Fallen      Necr           9%         N/A       26%         3
 Ozocubu's Armour         Ice            9%         N/A       26%         3
 Dispel Undead            Necr           9%         3d8       65%         4
 Manifold Assault         Tloc           9%         N/A       65%         4
 Martyr's Knell           Necr/Summ      9%         N/A       65%         4
 Death Channel            Necr           4%         N/A       100%        6


Dungeon Overview and Level Annotations

Branches:
Dungeon (7/15)             Temple (0/1) D:7           Sewer (visited)

Altars:
Ashenzari
Elyvilon
Fedhas
Makhleb
Qazlal
Ru
Trog
Vehumet
Yredelemnul
Zin

Shops:
D:5 (

Annotations:
D:7 Joseph


Innate Abilities, Weirdness & Mutations

You have a beak for a mouth.
You have claws for feet.
Your magical flight helps you evade attacks. (EV +4)
You can magically evade attacks while moving or waiting.


Message History

Joseph misses you. Joseph hits you with a +0 quarterstaff!
Casting: Shock (safe; 1% risk of failure)
Confirm with . or Enter, or press ? or * to list all spells.
Aiming: Shock (safe; 1% risk of failure)
Press: ? - help, Shift-Dir - straight line The zap misses Joseph. x2; Joseph hits you with a +0 quarterstaff.
Casting: Shock (safe; 1% risk of failure)
Confirm with . or Enter, or press ? or * to list all spells.
Aiming: Shock (safe; 1% risk of failure)
Press: ? - help, Shift-Dir - straight line The zap hits Joseph.
Joseph is lightly wounded.
The zap hits Joseph.
Joseph is lightly wounded.
Joseph closely misses you.
You hit Joseph. You burn Joseph. You claw Joseph. You peck Joseph.
Joseph is moderately wounded.
Joseph hits you with a +0 quarterstaff!
* * * LOW HITPOINT WARNING * * *
You slash Joseph! You burn Joseph. Your peck misses Joseph.
Joseph is moderately wounded.
Joseph misses you.
You slash Joseph! You burn Joseph.
Joseph is heavily wounded.
Joseph barely misses you. Joseph completely misses you.
You hit Joseph. You burn Joseph. Your kick misses Joseph.
You peck Joseph, but do no damage.
Joseph is severely wounded.
Joseph hits you with a +0 quarterstaff!
* * * LOW HITPOINT WARNING * * *
It was a potion of experience.
You feel more experienced!
Your Fighting skill gained 2 levels and is now at level 7!
Your Dodging skill gained 2 levels and is now at level 8!
Your Spellcasting skill gained 2 levels and is now at level 7!
Your Conjurations skill gained 3 levels and is now at level 10!
Your Air Magic skill gained 2 levels and is now at level 10!
You have reached level 10!
Joseph hits you with a +0 quarterstaff!
You die...

# ..#........#.... #
#######.#.######(# ...
# #.....#.#.# #.####^
# #.###.#.#.# #......
# #....<#.#.# ######.
################.#.#.#
#..
.....................#
#.#
################.#.###
#.# #..@@..# ####.#
#.#....# #.....
#.##[#.########.####
#....#..........#
####.############ #.#
#.# #.# #.# ###


You could see Joseph.

Vanquished Creatures
  Pikel (D:7)
  A hornet (D:7)
  A steam dragon (D:7)
  Menkaure (D:7)
  A water moccasin (D:5)
  An ice beast (D:5)
  A phantom (D:4)
  3 centaurs
  A lemure (D:7)
  A kobold brigand (D:6)
  Blork the orc (D:4)
  A bullfrog (D:7)
  A brain worm (Sewer)
  6 scorpions
  3 howler monkeys
  A bombardier beetle (D:7)
  6 hounds
  A sleepcap (D:5)
  An orc priest (D:6)
  A jelly (D:5)
  A gnoll bouda (D:7)
  Jessica (D:2)
  4 iguanas
  6 orc wizards
  Ijyb (D:5)
  3 gnolls (D:7)
  5 adders
  3 river rats (D:6)
  2 ribbon worms (Sewer)
  2 dart slugs (Sewer)
  18 orcs
  10 ball pythons
  7 endoplasms
  8 giant cockroaches
  5 hobgoblins
  A jackal (Sewer)
  11 kobolds
  6 quokkas
  4 bats
  8 frilled lizards
  3 goblins
  3 rats
146 creatures vanquished.

Vanquished Creatures (others)
  An orc wizard (D:7)
1 creature vanquished.

Grand Total: 147 creatures vanquished

Notes
Turn   | Place    | Note
-------+----------+-------------------------------------------
     0 | D:1      | PaiMei the Tengu Air Elementalist began the quest for the
                  | Orb.
     0 | D:1      | Reached XP level 1. HP: 10/10 MP: 4/4
   308 | D:1      | Reached XP level 2. HP: 15/15 MP: 1/6
   361 | D:1      | Found a faded altar of an unknown god.
  1177 | D:1      | Reached XP level 3. HP: 19/19 MP: 4/7
  1309 | D:2      | You fall into a shaft and drop 2 floors!
  1313 | D:4      | Found a blossoming altar of Fedhas.
  1501 | D:4      | Noticed Blork the orc
  1582 | D:4      | Found a radiant altar of Vehumet.
  1592 | D:4      | Reached XP level 4. HP: 21/24 MP: 4/8
  1683 | D:4      | Became a worshipper of Vehumet
  1820 | D:2      | Learned a level 2 spell: Static Discharge
  2451 | D:3      | Noticed Jessica
  2461 | D:2      | Killed Jessica
  2462 | D:2      | Reached skill level 1 in Fighting
  2606 | D:3      | Found a burning altar of Makhleb.
  2606 | D:3      | Noticed a cacodemon
  2680 | D:3      | Reached XP level 5. HP: 29/29 MP: 3/10
  2770 | D:3      | Identified the +4 leather armour "Gimeh" {Regen+ Int+2
                  | SInv}
  2830 | D:3      | Reached skill level 5 in Air Magic
  3025 | D:3      | Found a sacrificial altar of Ru.
  3030 | D:3      | Learned a level 3 spell: Swiftness
  3303 | D:4      | Noticed a phantom
  3327 | D:4      | Killed a phantom
  3328 | D:4      | Reached XP level 6. HP: 34/35 MP: 4/11
  3573 | D:4      | Killed Blork the orc
  3720 | D:4      | Found a broken altar of Ashenzari.
  3757 | D:5      | Entered Level 5 of the Dungeon
  3758 | D:5      | Noticed a water moccasin
  3876 | D:5      | Found a stormy altar of Qazlal.
  3901 | D:5      | Gained mutation: Your magical flight helps you evade
                  | attacks. (EV +4) [Tengu growth]
  3901 | D:5      | Reached XP level 7. HP: 40/40 MP: 8/13
  4158 | D:5      | Found a bloodstained altar of Trog.
  4431 | D:5      | Reached skill level 5 in Conjurations
  4653 | D:5      | Reached XP level 8. HP: 31/46 MP: 10/15
  4748 | D:5      | Reached skill level 5 in Dodging
  4795 | D:5      | Found a glowing silver altar of Zin.
  4823 | D:5      | Noticed Ijyb
  5159 | D:6      | Found a basalt altar of Yredelemnul.
  5318 | D:6      | Found a glowing drain.
  5328 | D:6      | Reached * piety under Vehumet
  5328 | D:6      | Offered knowledge of Magic Dart by Vehumet.
  5341 | Sewer    | Entered a sewer
  6494 | D:6      | Reached ** piety under Vehumet
  6737 | D:6      | Offered knowledge of Freeze by Vehumet.
  6922 | D:5      | Found Zuith's Antique Weapon Shoppe.
  6925 | D:5      | Bought a shimmering long sword for 221 gold pieces
  6925 | D:5      | Identified the +2 long sword "Stringbean" {flame, Int+4}
                  | (You bought it in a shop on level 5 of the Dungeon)
  7045 | D:5      | Killed Ijyb
  7156 | D:7      | Noticed Menkaure
  7165 | D:7      | Killed Menkaure
  7166 | D:7      | Reached skill level 5 in Spellcasting
  7166 | D:7      | Reached XP level 9. HP: 19/52 MP: 13/17
  7419 | D:7      | Found a staircase to the Ecumenical Temple.
  7441 | D:7      | Noticed a hornet
  7630 | D:7      | Noticed Pikel
  7643 | D:7      | Killed Pikel
  7644 | D:7      | Reached skill level 5 in Fighting
  8108 | D:7      | Paralysed by a hornet for 3 turns
  8115 | D:7      | Killed a hornet
  8224 | D:7      | Noticed Joseph
  8611 | D:7      | Found a white marble altar of Elyvilon.
  8786 | D:7      | Reached skill level 10 in Conjurations
  8786 | D:7      | Reached skill level 10 in Air Magic
  8786 | D:7      | Reached XP level 10. HP: 3/63 MP: 18/21
  8786 | D:7      | Slain by Joseph

Illustrated notes

Levels and vault maps discovered:
D:1:      tarquinn_simple_flora_water_b, layout_loops_ring,
          hellmonk_ecumenical_altar_lost_god
D:2:      layout_loops_cross
D:3:      layout_basic, makhleb_altar_promises_db, nicolae_ru_awakened_eye,
          uniq_jessica
D:4:      layout_cave_pools, fedhas_altar_2, vehumet_crystals,
          lemuel_round_altar, serial_park, serial_park_tiny_1, serial_park_paths
          [serial_park_minivault_5x5_8], serial_park_tiny_pond,
          serial_park_tiny_1, uniq_blork_the_orc
D:5:      layout_basic, grunt_qazlal_sundering, zin_statuary,
          mainiacjoe_overflow_six_doors_small, grunt_decor_clamped,
          nicolae_stop_n_shop_2, minmay_misc_feat_x, uniq_ijyb
D:6:      layout_basic, mainiacjoe_overflow_boulevard, portal_sewer_entry_b,
          kennysheep_generic_room_9
D:7:      layout_basic, lemuel_tele_altar, minmay_temple_entry_grid,
          uniq_menkaure, uniq_joseph, uniq_pikel

Skill      XL: |  1  2  3  4  5  6  7  8  9 |
---------------+----------------------------+-----
Conjurations   | 2 3 4 5 6 10 | 10.0
Fighting       | 1 2 3 4 7 |  7.4
Dodging        | 3 4 5 8 |  8.6
Air Magic      | 5 6 7 10 | 10.7
Spellcasting   | 3 4 5 7 |  7.3
Stealth        | |  2.3

Action                     |  1- 3 |  4- 6 |  7- 9 | 10-12 || total
---------------------------+-------+-------+-------+-------++-------
  Melee: Hand axe          |    10 |     2 |       |       ||    12
         Kick              |     4 |     5 |    29 |       ||    38
         Peck              |     2 |     4 |    20 |       ||    26
         Short sword       |       |    17 |    80 |       ||    97
         Long sword        |       |       |     6 |       ||     6
  Throw: Dart              |       |       |     8 |       ||     8
   Cast: Shock             |    64 |    70 |   236 |       ||   370
         Static Discharge  |       |     1 |    12 |       ||    13
    Use: Scroll            |       |       |     5 |       ||     5
         Potion            |       |       |     2 |       ||     2
 Armour: Robe              |     5 |     6 |       |       ||    11
         Leather armour    |       |    16 |   103 |     1 ||   120
  Dodge: Dodged            |    17 |    30 |   175 |       ||   222
